[Event "5th Baskent University Open 2022"]
[Site "Ankara"]
[Date "2022.07.03"]
[Round "2.5"]
[White "Ozkan, Taha"]
[Black "Caputcuoglu, Zeki Berke"]
[Result "0-1"]
[ECO "D77"]
[WhiteElo "2357"]
[BlackElo "2203"]
[Annotator "TA"]
[PlyCount "186"]
[EventDate "2022.07.02"]
[EventType "swiss"]
[EventCountry "TUR"]
[SourceTitle "playchess.com"]
[Source "ChessBase"]
[SourceQuality "1"]
[TimeControl "5400+30"]

1. d4 Nf6 2. Nf3 g6 3. g3 Bg7 4. Bg2 O-O 5. O-O d5 6. c4 dxc4 7. Nbd2 {[%emt 0:01:00] D77: Fianchetto Grünfeld: 6 0-0: Replies other than 6...c6.} (7. Na3 $14) 7... b5 $15 8. Ne5 c6 9. a4 {[%emt 0:04:30] Black is slightly better.} Nd5 $1 ({Don't play} 9... Qxd4 10. Nxc6 Nxc6 11. axb5 $11) 10. Ne4 {[%emt 0:03:30] [#]} e6 $146 ({Predecessor:} 10... f6 11. Nf3 a5 12. Nc5 Na6 13. Bd2 Nxc5 14. dxc5 f5 15. axb5 cxb5 16. Bxa5 Rxa5 17. Rxa5 Qxa5 18. Qxd5+ {0-1 (30) Zamar Kodelja,J (2208)-Soumya,S (2380) Trieste 2018}) 11. axb5 cxb5 12. Nc3 $1 Qb6 13. Nxd5 exd5 14. Bxd5 Bb7 15. Bxb7 ({Better is} 15. e4 $1 $15) 15... Qxb7 $17 16. Nf3 Qd5 17. e3 Nc6 18. Ne1 a5 19. Bd2 Rfd8 {[%emt 0:04:30][%cal Oc6d4] Black is much more active.} 20. Nc2 (20. Ng2 $17) 20... b4 $19 21. Ne1 {[%emt 0:01:30] [#]} (21. Qg4 {was the only defense.}) 21... Nxd4 $1 22. exd4 Qxd4 23. Nf3 Qxb2 24. Qa4 Qb3 ({Avoid the trap} 24... Rxd2 $2 25. Nxd2 Qxd2 26. Rad1 $17) 25. Qxb3 cxb3 26. Ra4 Rd3 27. Kg2 b2 {[%emt 0:01:30] And now ...Ra3 would win.} 28. Bxb4 Rb3 ({Don't go for} 28... Rb8 $2 29. Bd2 b1=Q 30. Rxb1 Rxb1 31. Rxa5 $19) 29. Rxa5 Rxa5 30. Bxa5 b1=Q 31. Rxb1 Rxb1 {[%emt 0:00:00][%mdl 4096] Endgame KRB-KBN} 32. Bd2 f6 33. g4 Rb5 34. Be3 Kf7 35. h3 Rd5 36. Ng1 Bf8 37. Ne2 Rd8 38. Kf3 Rc8 39. Ng3 Be7 40. h4 Ke6 41. h5 Bc5 42. Bd2 Bd6 43. hxg6 (43. Ne4 {was called for.}) 43... hxg6 (43... Bxg3 $142 44. Kxg3 hxg6) 44. Ne4 Be5 45. Ke2 $2 (45. Be3) 45... Kd5 46. f3 Rh8 47. Ke3 $2 (47. Be3) 47... Kc4 {[%emt 0:04:25] Threatens to win with ...Bd4+.} 48. Be1 Ra8 {[%emt 0:02:05] ...Ra3+ is the strong threat.} 49. Nd2+ Kd5 50. Ke2 Ra2 51. Kd3 Ra3+ 52. Ke2 Bd4 (52... Bc3 $142 53. Nb1 Ra2+ 54. Nd2 Bb4) 53. Nf1 Be5 $2 (53... Rb3 $19 {White must now prevent ...Be5.} 54. Ba5 Bc5) 54. Ne3+ $2 (54. Nd2 $1 $11 {and White stays safe.} Bc3 55. Nb1 Ra2+ 56. Nd2) 54... Kc5 55. Nc2 Rb3 56. Bd2 {[%emt 0:00:21] Inhibits Bf4.} (56. Bf2+ Kd5 57. Ne3+ Ke6 58. Be1) 56... Bd4 {[%emt 0:00:58] Strongly threatening ...Kc4.} 57. Ne1 (57. Be1 $142 Bc3 58. Bf2+ Kd6 59. Bg1) 57... Kc4 58. Nc2 Rb2 59. Ne3+ Bxe3 60. Kxe3 {[%emt 0:00:01] KR-KB} Rb5 (60... Rb6 $142 61. Ba5 Re6+ 62. Kf2 Kd3 63. Bd8 Rc6 64. Be7 Rb6 65. Bd8 Re6 66. Bc7 Re2+ 67. Kg3 Re8 68. Kf2 Rc8 69. Bd6 Rc2+ 70. Kg3 Ke2 71. Kg2 Rc3 72. f4 Rf3 73. Bc7 Ke3 74. f5 gxf5 75. gxf5 Rxf5 76. Bb6+ Ke4 77. Kh3 Rg5 78. Kh4 Rg8 79. Kh5 f5 80. Bc5 f4 81. Kh4 f3 82. Kh3 Kd3 83. Kh2 Ke2 84. Kh3 f2 85. Bxf2 Kxf2 86. Kh4 Ke3 87. Kh5 Kf4 88. Kh6 Kf5 89. Kh7 Rg6 90. Kh8 Kf6 91. Kh7 Kf7 92. Kh8 Rh6#) 61. Ke2 Re5+ 62. Be3 Re8 63. Kf2 Kd3 64. Bc5 Re2+ 65. Kf1 Rc2 66. Bb6 Rc6 67. Ba7 Rc2 68. Bb6 $1 Ra2 {[%emt 0:00:37] Against Ba7} 69. Bc5 Kc4 (69... f5 $142 70. Bb6 Rb2 71. Bc5 fxg4 72. fxg4 Ke4 73. g5 Kf3 74. Ke1 Rb5 75. Bd4 Rxg5 76. Bb6 Rd5 77. Bc7 g5 78. Bb8 g4 79. Bh2 g3 80. Bg1 Rd6 81. Ba7 g2 82. Bd4 Rd8 83. Bg1 Ra8 84. Kd2 Ra1 85. Bd4 g1=Q 86. Bxg1 Rxg1 87. Kd3 Rg4 88. Kd2 Ke4 89. Kc2 Kd4 90. Kd2 Rg2+ 91. Ke1 Ke3 92. Kd1 Rh2 93. Kc1 Kd3 94. Kb1 Kc3 95. Ka1 Kb3 96. Kb1 Rh1#) 70. Bb6 Kd5 71. Bf2 Ke5 72. Bg3+ Ke6 73. Bf2 f5 74. gxf5+ gxf5 75. Bb6 Ra4 $2 (75... Rc2 76. Bd4 Kd5) 76. Ke2 $2 (76. Bc7) 76... f4 77. Kf1 Ra1+ (77... Rc4 $142 78. Ke2 Kf5 79. Kf2 Rc8 80. Bd4 Rb8 81. Bg7 Rb7 82. Bd4 Rb5 83. Kg2 Kg5 84. Bh8 Rd5 85. Bc3 Rc5 86. Be1 Rc2+ 87. Bf2 Kf5 88. Kf1 Rc1+ 89. Kg2 Rc2 90. Kf1 Rc1+ 91. Kg2 Ke5 92. Bb6 Rc6 93. Ba7 Rc2+ 94. Kh3 Rb2 95. Bc5 Rb3 96. Kg4 Rb8 97. Kh3 Rg8 98. Bf2 Kd5 99. Kh4 Kc4 100. Kh5 Kd3 101. Bh4 Ke2 102. Be7 Kxf3 103. Bd6 Ke3 104. Kh4 f3 105. Bc5+ Ke2 106. Kh3 f2 107. Bxf2 Kxf2 108. Kh4 Kf3 109. Kh5 Kf4 110. Kh6 Kf5 111. Kh7 Rg6 112. Kh8 Kf6 113. Kh7 Kf7 114. Kh8 Rh6#) 78. Ke2 Ra2+ 79. Kf1 Rd2 $2 (79... Rc2 $19 {( -> ...Kd5)} 80. Ba5 Kf5) 80. Ke1 (80. Bc7 $17 {was the only chance.}) 80... Rd5 {[%emt 0:00:32] aiming for ...Kd7.} 81. Kf1 (81. Bc7 $17 {keeps fighting.}) 81... Kf5 82. Kg2 Kg5 83. Kh3 $2 {[%emt 0:00:00] [#] Loses the game.} (83. Bc7 $17) 83... Rd2 {[%emt 0:00:52] Black mates.} 84. Bf2 Kf5 85. Bb6 Rd6 86. Bc5 Rg6 87. Bf2 Ke5 88. Kh4 Kd5 89. Be1 Rg8 90. Bd2 Ke5 91. Be1 Rg1 92. Bd2 Rg3 93. Bc3+ Kf5 {[%emt 0:00:06] Weighted Error Value: White=0.83/Black=0.35} 0-1

[Event "5th Baskent University Open 2022"]
[Site "Ankara"]
[Date "2022.07.03"]
[Round "2.6"]
[White "Makaraci, Tunahan"]
[Black "Koksal, Ege"]
[Result "1/2-1/2"]
[ECO "C54"]
[WhiteElo "2130"]
[BlackElo "2356"]
[Annotator "TA"]
[PlyCount "88"]
[EventDate "2022.07.02"]
[EventType "swiss"]
[EventCountry "TUR"]
[SourceTitle "playchess.com"]
[Source "ChessBase"]
[SourceQuality "1"]
[TimeControl "5400+30"]

1. e4 e5 2. Nf3 Nc6 3. Bc4 Bc5 4. c3 Nf6 5. d4 exd4 6. e5 d5 7. Bb5 Ne4 8. cxd4 Bb6 9. Nc3 O-O 10. Be3 {[%emt 0:00:00] C54: Giuoco Piano: 4 c3 Nf6, main lines with 5 d4 and 5 d3.} f6 11. Qb3 Nxc3 12. bxc3 (12. Bxc6 $14 bxc6 13. Qxc3) 12... Bg4 $11 {[%emt 0:03:30] aiming for ...Bxf3.} 13. Bxc6 {[%emt 0:03:30] [#]} Bxf3 $146 ({Predecessor:} 13... bxc6 14. exf6 Qxf6 15. Ne5 Bh5 16. O-O Rad8 17. a4 a5 18. h3 Kh8 19. Qc2 Rd6 {0-1 (54) Sanal,V (2581)-Boruchovsky,A (2541) Chess.com INT 2020}) 14. Bxb7 Bxg2 15. Rg1 Rb8 {[%emt 0:01:30] ...Be4 is the strong threat.} 16. Rxg2 Rxb7 17. exf6 Rxf6 18. O-O-O (18. Bg5 $15 Re6+ 19. Kd2) 18... Rf7 $1 $17 19. Rg5 (19. Qa4 $17) 19... c6 $19 20. Qa4 Ba5 21. Re5 (21. Qxc6 $17 {might work better.} Rbc7 22. Qb5 (22. Qxd5 $2 Rxc3+ 23. Kb2 Qb8+ 24. Ka1 Rc2 $19) 22... Bxc3 23. Rxd5 Bxd4+ 24. Kb1) 21... Qb6 $2 (21... Rb5 $19 {Strongly threatening ...Rfb7.} 22. Qc2 Rfb7) 22. Re8+ $1 $15 Rf8 23. Rxf8+ Kxf8 24. Qa3+ Kf7 25. Kc2 Qb5 $36 {[%emt 0:01:00][%mdl 2048] White is under strong pressure.} 26. Re1 Bd8 $1 27. Bf4 {[%emt 0:03:30] [#]} Qc4 (27... Be7 28. Bd6 (28. Qb3 $2 Qa6 $19) 28... Bh4 29. Bg3 $17) (27... c5 $1 $19 28. Qxc5 Qd7) 28. Bg3 ({Better is} 28. Qd6 Qxa2+ 29. Kd3 Qc4+ 30. Kc2 Qa4+ 31. Kd3 (31. Kd2 $2 Rb2+ 32. Ke3 Qc2 $19) 31... Qc4+ 32. Kc2 Qa2+ 33. Kd3 Qa6+ 34. Kc2 Qa2+) 28... Be7 29. Bd6 Bf6 (29... Bxd6 $6 30. Qxd6 Qxa2+ 31. Kd3 Qc4+ 32. Kc2 $11) 30. Bc5 Bh4 31. Bf8 $2 (31. Qc1 $17 {only move.}) 31... Kg8 $2 (31... h6 $19 {has better winning chances. Hoping for ...Kg6.} 32. Kd2 a5) 32. Re8 {[%emt 0:03:30][%cal Of8g7] [#]} Kf7 (32... c5 $1 $17 {Threatens to win with ...Kf7.} 33. Bxc5+ Kf7) 33. Re1 $19 h6 (33... Kg8 34. Bb4 $17) 34. Qd6 Qxa2+ (34... Kg8 $2 35. Be7 Qxa2+ 36. Kd3 Qa6+ 37. Kc2 Qa4+ 38. Kd2 Rb2+ 39. Ke3 Bxe7 40. Qe6+ Kh8 41. Qc8+ Bd8 42. Qxd8+ Kh7 43. Qh4 $19) 35. Kd3 {[%emt 0:00:00] White wants to mate with Qe6+.} Qc4+ 36. Kc2 {[%emt 0:00:00] Qe6+ would kill now.} Qb3+ (36... Kg8 $2 37. Be7 Qa4+ 38. Kd2 Rb2+ 39. Ke3 Bxe7 40. Qe6+ Kh8 41. Qc8+ Bd8 42. Qxd8+ Kh7 43. Qh4 $19) 37. Kd3 Qb5+ (37... Kg8 $142 38. Qe6+ Rf7) 38. Kc2 {[%emt 0:00:00] Threatening mate with Qe6+.} (38. Ke3 $2 Be7 39. Qe5 Bxf8 $19) 38... Bf6 $2 (38... Qa4+ $19 39. Kd3 Qc4+ 40. Kc2 Qa2+ 41. Kd3 Kg8) 39. Qe6+ $15 Kg6 {[%emt 0:00:30] White must now prevent ...Qb2+.} 40. Bb4 Rb8 {[%emt 0:01:05][%cal Oc6c5] And now ...c5! would win.} (40... a5 41. Rg1+ Kh7 42. Qf5+ Kh8 43. Qc8+ Kh7 44. Qf5+ Kh8 45. Qc8+ Kh7 46. Qf5+ $11) 41. Bd6 {[%emt 0:03:30] Against c5} (41. Ra1 Kh7 42. Qe3 Qb7 $17) 41... Rd8 (41... Qa4+ $15 42. Kd3 (42. Kd2 $2 Rb2+ 43. Ke3 Qc2 $19) 42... Qc4+ 43. Kc2 Qb3+ 44. Kd3 (44. Kd2 Qa2+ 45. Kd3 Qc4+ 46. Kc2 Qa2+ 47. Kd3 Qc4+ $17) 44... Qc4+ 45. Kc2 Qa4+ 46. Kc1 (46. Kd2 $2 Rb2+ 47. Ke3 Qc2 $19) 46... Qa1+ 47. Kc2 (47. Kd2 Qb2+ 48. Kd3 Ra8 $17) 47... Qa2+ 48. Kd3 Ra8) 42. Be7 {[%emt 0:03:27] Intending Bxf6 and mate. The position is equal.} Qa4+ 43. Kd3 Qc4+ 44. Kc2 $1 {[%emt 0:00:21] Dancing on a razor blade.} Qa4+ {[%emt 0:02:33] Whites escaped into a draw.  Weighted Error Value: White=0.30/Black=0.52} 1/2-1/2

[Event "5th Baskent University Open 2022"]
[Site "Ankara"]
[Date "2022.07.03"]
[Round "2.7"]
[White "Dedebas, Emre Emin"]
[Black "Aliyev, Elnur"]
[Result "1/2-1/2"]
[ECO "D11"]
[WhiteElo "2321"]
[BlackElo "2142"]
[Annotator "TA"]
[PlyCount "59"]
[EventDate "2022.07.02"]
[EventType "swiss"]
[EventCountry "TUR"]
[SourceTitle "playchess.com"]
[Source "ChessBase"]
[SourceQuality "1"]
[TimeControl "5400+30"]

1. d4 {[%emt 0:04:00] Wells,P} Nf6 2. Nf3 d5 3. c4 c6 4. Qc2 g6 5. Bf4 Bf5 6. Qb3 Qb6 7. c5 Qxb3 8. axb3 Na6 {[%emt 0:07:30][%cal Bb8a6,Ba6b4,Bb4d3][%mdl 32] D11: Slav Defence: 3 Nf3 sidelines and 3...Nf6 4 e3 Bg4.} 9. Nc3 Bg7 (9... Nh5 $5 10. Bd2 Nb4 $11) 10. e3 Nb4 {[%emt 0:02:30] [#] Threatens to win with ...Nc2+.} 11. Ra4 Nd3+ 12. Bxd3 Bxd3 13. Kd2 {[%emt 0:02:37] [#]} Ba6 $146 ({Predecessor:} 13... Bb5 14. Nxb5 cxb5 15. Ra5 a6 16. Rc1 Ne4+ 17. Ke2 Kd7 18. h3 Rhc8 19. Raa1 f6 {1-0 (47) Damljanovic,B (2559)-Markovic,M (2558) Belgrade 2000 CBM 080 [Wells,P]}) 14. h3 (14. Be5 $14) 14... O-O ({Better is} 14... Ne4+ $1 $11 15. Nxe4 dxe4) 15. Ne5 $14 {[%emt 0:01:29][%cal Oe5c6] [#] Strongly threatening Nxc6!} Bb5 16. Nxb5 {[%emt 0:00:50] White is more active.} cxb5 17. Ra5 Ne4+ 18. Ke2 Bxe5 19. Bxe5 a6 20. f3 Ng5 21. Rc1 Rfc8 22. Kd3 f5 (22... Ne6 $11) 23. h4 Nf7 24. Bf4 Nd8 25. Raa1 Nc6 26. h5 Kf7 27. Rh1 Rh8 (27... g5 $5 28. Bxg5 Rg8 $11) 28. Rh2 (28. Be5 $5 Nxe5+ 29. dxe5 $11) 28... Rag8 (28... Kf6 $11) 29. hxg6+ (29. g4 $14) 29... hxg6 $11 30. Rah1 {[%emt 0:00:00] Weighted Error Value: White=0.15 (very precise) /Black=0.17 (very precise)} 1/2-1/2

[Event "5th Baskent University Open 2022"]
[Site "Ankara"]
[Date "2022.07.03"]
[Round "2.8"]
[White "Cansu, Batuhan"]
[Black "Gunduz, Umut Erdem"]
[Result "0-1"]
[ECO "C47"]
[WhiteElo "2083"]
[BlackElo "2368"]
[Annotator "TA"]
[PlyCount "96"]
[EventDate "2022.07.02"]
[EventType "swiss"]
[EventCountry "TUR"]
[SourceTitle "playchess.com"]
[Source "ChessBase"]
[SourceQuality "1"]
[TimeControl "5400+30"]

1. e4 e5 2. Nf3 Nc6 3. Nc3 Nf6 4. d4 exd4 5. Nxd4 Bb4 6. Nxc6 bxc6 7. Bd3 d5 8. exd5 O-O {[%emt 0:00:30] seems to push 8...cxd5 aside.} 9. O-O cxd5 10. h3 {[%emt 0:00:00] C47: Scotch Four Knights and Four Knights with 4 g3.} c6 11. Qf3 Bd6 12. Bf4 {[%emt 0:00:00] The position is equal.} Rb8 13. b3 Be6 14. Rfd1 Re8 15. Ne2 c5 {[%emt 0:03:30] [#]} 16. g4 $146 ({Predecessor:} 16. c3 a5 17. Rab1 h6 18. Bc2 Rb6 19. Be3 Bc8 20. Nf4 Bb7 21. Nh5 Bb8 22. Re1 Nxh5 23. Qxh5 {0-1 (35) Saravana,K (2346)-Debashis,D (2538) New Delhi 2019}) 16... Rb4 17. c3 Rb6 18. Rd2 Qc8 19. Bxd6 Rxd6 20. Qg3 Rb6 21. Rad1 Bd7 22. Nf4 {[%emt 0:02:30] [#] And now g5 would win.} h6 23. Ng2 (23. Bb1 $11) 23... a5 24. Ne3 a4 25. Bc2 axb3 26. axb3 Be6 27. Qf4 Qa8 28. b4 d4 29. cxd4 Rxb4 30. Qg3 cxd4 31. Rxd4 Rxd4 32. Rxd4 Qa1+ 33. Rd1 Qc3 34. Bb1 Bb3 35. Rf1 Bc4 36. Nxc4 Qxc4 37. Qd3 Qf4 38. Qg3 Qb4 39. Qd3 g6 40. Ba2 {[%emt 0:00:33] [#] Intending Qxg6+ and mate.} Kg7 41. Qb3 Qe7 {[%emt 0:00:00] Active counter play!} 42. Qf3 Qa7 43. Bb1 (43. Bb3 $11 {feels stronger.}) 43... Re5 44. Kh2 h5 45. Qg3 ({Better is} 45. gxh5 $15 Rxh5 46. Rd1) 45... Qd4 46. f3 (46. gxh5 $17 {is tougher.} Nxh5 47. Qf3) 46... Re2+ $19 {[%emt 0:00:30] Black is clearly winning.} 47. Kh1 h4 48. Qg1 Qd2 {[%emt 0:01:49] Weighted Error Value: White=0.31/Black=0.07 (flawless)} 0-1

[Event "5th Baskent University Open 2022"]
[Site "Ankara"]
[Date "2022.07.03"]
[Round "2.9"]
[White "Akbas, Umut Ata"]
[Black "Ozturk, Efe Hakan"]
[Result "1-0"]
[ECO "B00"]
[WhiteElo "2298"]
[BlackElo "2115"]
[Annotator "TA"]
[PlyCount "53"]
[EventDate "2022.07.02"]
[EventType "swiss"]
[EventCountry "TUR"]
[SourceTitle "playchess.com"]
[Source "ChessBase"]
[SourceQuality "1"]
[TimeControl "5400+30"]

1. e4 b6 2. d4 Bb7 3. Bd3 Nf6 4. Qe2 e6 5. Nd2 d5 6. e5 {[%emt 0:03:30] B00: Queen's Fianchetto Defence, Nimzowitsch Defence.} Nfd7 7. Ngf3 Be7 8. O-O {[%emt 0:02:00] The position is equal.} Qc8 (8... c5 $11) 9. c4 $14 c5 {[%emt 0:07:30] [#]} 10. cxd5 $146 ({Predecessor:} 10. Rd1 O-O 11. b3 cxd4 12. Bb2 dxc4 13. Nxc4 Nc5 14. Nxd4 Nxd3 15. Rxd3 Nc6 16. Nb5 {1-0 (29) Perez Candelario,M (2586)-Garcia Galeote,L (1992) La Roda 2018}) 10... Bxd5 11. Ne4 {[%emt 0:00:00] Hoping for Bg5.} cxd4 {[%emt 0:09:30] [#]} (11... O-O $1 $11 {remains equal.}) 12. Bg5 $1 $16 {[%emt 0:04:00] Strongly threatening Bxe7. White is more active.} f6 $2 (12... Nc6 $16) 13. exf6 $18 gxf6 14. Nxd4 fxg5 15. Qh5+ $40 {[%emt 0:00:30][%mdl 128] Black is in trouble.} Kd8 {[%emt 0:06:30] ...Nc6 is the strong threat.} 16. Nxg5 ({Better is} 16. Rac1 $18 Nc5 17. b4 Nxd3 18. Rxc8+ Kxc8 19. Qf7 Bxb4 {[#]} 20. Nxe6 $1) 16... Nf6 $2 {[%emt 0:05:30][%mdl 8192] This costs Black the game.} (16... Nc5 $16 {is more resistant.}) 17. Qf7 $2 (17. Qh3) 17... Kd7 $2 (17... Nc6 18. Ndxe6+ (18. Ngxe6+ Kd7 $16) 18... Kd7) 18. Rfe1 $2 (18. Bb5+ Kd6 19. Rac1 Qxc1 20. Rxc1) 18... Qf8 (18... Rf8 {might work better.} 19. Bb5+ Nc6 20. Bxc6+ Qxc6 21. Nxc6 Rxf7) 19. Bb5+ {[%emt 0:00:30] White is clearly winning.} Kc8 20. Rac1+ Bc5 21. Ndxe6 Qxf7 22. Nxf7 Bxe6 23. Rxe6 ({Less strong is} 23. Nxh8 Bd7 $16) 23... Rf8 24. Rxf6 {[%emt 0:00:30] aiming for Nd6+.} Kb7 {[%emt 0:00:27] [#]} (24... Nd7 $142 25. Rc6+ Kb7 26. Nd6+ Bxd6 27. Rxd6 Ne5) 25. Rxc5 $1 bxc5 26. Nd6+ Kb6 27. Rxf8 {[%emt 0:00:00] Weighted Error Value: White=0.62/Black=1.10} 1-0

[Event "5th Baskent University Open 2022"]
[Site "Ankara"]
[Date "2022.07.03"]
[Round "2.11"]
[White "Zor, Alber Kadir"]
[Black "Ozsoy, Alimert"]
[Result "1-0"]
[ECO "A07"]
[WhiteElo "2116"]
[BlackElo "2263"]
[Annotator "TA"]
[PlyCount "71"]
[EventDate "2022.07.02"]
[EventType "swiss"]
[EventCountry "TUR"]
[SourceTitle "playchess.com"]
[Source "ChessBase"]
[SourceQuality "1"]
[TimeControl "5400+30"]

1. Nf3 d5 2. g3 Nf6 3. Bg2 c6 4. O-O Bg4 5. h3 Bxf3 6. Bxf3 e5 {[%emt 0:00:30] A07: Réti Opening: New York and Capablanca Systems.} 7. d3 Bc5 {[%emt 0:02:30] now supersedes 7...Nbd7.} 8. e4 dxe4 {[%emt 0:01:30] The position is equal.} 9. dxe4 Qxd1 10. Rxd1 Nbd7 11. Nd2 O-O-O {[%emt 0:02:00] [#]} 12. a4 $146 ({Predecessor:} 12. Nc4 Rhe8 13. a4 Nb6 14. Rxd8+ Kxd8 15. Nd2 Kc7 16. a5 Nc8 17. Nb3 Be7 18. Be3 {½-½ (82) Grandelius,N (2681)-Postny,E (2615) Germany 2019}) 12... Nf8 13. Re1 Ne6 14. Nb3 Be7 15. Be3 c5 (15... Kb8 $11) 16. c3 {[%emt 0:03:30] Black is now going downhill.} Kb8 17. Nd2 Nd7 18. Bg4 Ndf8 ({Better is} 18... Bg5) 19. Nc4 $16 f6 20. Rad1 Rxd1 21. Rxd1 h5 22. Be2 {[%emt 0:02:30] 0x0.001764b5ff29dp-1022s more active pieces.} h4 23. Bg4 g6 {[%emt 0:02:30] [#]} 24. f4 $1 Ng7 25. Nd6 {[%emt 0:18:30] Black must now prevent Nc8.} (25. fxe5 f5 $16) 25... Bxd6 26. Rxd6 {[%emt 0:00:00] Threatening mate with Rd8+.} f5 27. Bf3 (27. Bxc5 $6 Nfe6 $16) 27... Nfe6 {[%emt 0:02:55] [#]} (27... hxg3 $16 28. fxe5 Nfe6) 28. exf5 $1 $18 ({Don't do} 28. fxe5 $6 hxg3 29. exf5 Nxf5 $16) 28... gxf5 29. fxe5 hxg3 30. Rd7 Rd8 $2 (30... Rxh3 {might work better.} 31. Rxb7+ Kc8) 31. Rxd8+ {[%emt 0:04:50] White is clearly winning.} ({Less strong is} 31. Rxb7+ Kc8 $18) 31... Nxd8 32. Kg2 Nde6 (32... Nge6 $142 33. Kxg3 Kc7) 33. Kxg3 Kc7 34. h4 b6 35. h5 Nf8 36. Bh6 {[%emt 0:00:37] Weighted Error Value: White=0.08 (flawless) /Black=0.34} 1-0

[Event "5th Baskent University Open 2022"]
[Site "Ankara"]
[Date "2022.07.03"]
[Round "2.12"]
[White "Citak, Selim"]
[Black "Unver, Cumali"]
[Result "1-0"]
[ECO "D92"]
[WhiteElo "2176"]
[BlackElo "2046"]
[Annotator "RC"]
[PlyCount "101"]
[EventDate "2022.07.02"]
[EventType "swiss"]
[EventCountry "TUR"]
[SourceTitle "playchess.com"]
[Source "ChessBase"]
[SourceQuality "1"]
[TimeControl "5400+30"]

1. d4 Nf6 2. c4 g6 3. Nc3 d5 4. Nf3 Bg7 5. Bf4 O-O 6. Rc1 dxc4 7. e3 Be6 8. Ng5 Bg4 9. f3 Bd7 10. Bxc4 e6 11. Nge4 Bc6 12. Bg5 Nbd7 13. O-O h6 14. Bh4 Rc8 15. Qe2 Nb6 16. Bb5 Bxb5 17. Qxb5 a6 18. Qb3 g5 19. Bg3 Nxe4 20. fxe4 c5 21. dxc5 Nd7 22. Rfd1 Qe8 23. Bd6 Nxc5 24. Qb4 Qc6 25. Bxf8 Bxf8 26. Qd4 Qe8 27. e5 Be7 28. Ne4 Nxe4 29. Rxc8 Qxc8 30. Qxe4 Qc7 31. Rf1 Bf8 32. Qd4 Bg7 33. Qd6 Bxe5 34. Qxc7 Bxc7 35. Rc1 Bd6 36. Rc8+ Kg7 37. Ra8 Bc5 38. Kf2 f5 39. Ke2 Kg6 40. a3 g4 41. b4 Bd6 42. Ra7 Bxh2 43. Rxb7 e5 44. a4 f4 45. exf4 exf4 46. b5 axb5 47. a5 Bg1 48. a6 Kg5 49. a7 Bxa7 50. Rxa7 Kh4 51. Kf2 1-0

[Event "5th Baskent University Open 2022"]
[Site "Ankara"]
[Date "2022.07.03"]
[Round "2.13"]
[White "Eynullayev, Atilla"]
[Black "Cakiroglu, Metin"]
[Result "1-0"]
[ECO "A52"]
[WhiteElo "2333"]
[BlackElo "2068"]
[Annotator "TA"]
[PlyCount "75"]
[EventDate "2022.07.02"]
[EventType "swiss"]
[EventCountry "TUR"]
[SourceTitle "playchess.com"]
[Source "ChessBase"]
[SourceQuality "1"]
[TimeControl "5400+30"]

1. d4 Nf6 2. c4 e5 3. dxe5 Ng4 4. Nf3 Bc5 5. e3 Nc6 6. Be2 Ngxe5 7. Nc3 O-O 8. O-O a5 9. Nxe5 Nxe5 10. Ne4 {[%emt 0:00:30] A52: Budapest Gambit.} Be7 {[%emt 0:01:30] [#]} 11. f4 $146 ({Predecessor:} 11. Bd2 d5 12. cxd5 Qxd5 13. Ng3 Be6 14. Bc3 Qxd1 15. Rfxd1 f6 16. Rdc1 c6 17. Bd4 {1-0 (49) Guggenheim,H (1866)-Klimek,P (1826) Prague 2021}) 11... Nc6 12. b3 {[%emt 0:05:30] White is slightly better.} f5 13. Nc3 Bf6 14. Bb2 d6 15. Qd2 Be6 16. Bf3 Qd7 17. Rae1 Rae8 18. Kh1 Kh8 19. h3 Bh4 20. Re2 Rf6 (20... Bf6 $14) 21. Rg1 {[%emt 0:13:30] aiming for g3.} Rh6 22. g3 Bf6 23. Rh2 Ne7 {[%emt 0:04:30][%cal Od6d5] [#]} 24. g4 $1 {[%emt 0:09:00] White is more active.} (24. Bxb7 c6 25. Ba6 Ra8 $19) 24... fxg4 25. hxg4 {[%emt 0:00:30] Strongly threatening Rxh6.} Rxh2+ 26. Kxh2 d5 (26... h6 $16) 27. cxd5 $18 ({Don't play} 27. g5 $6 Bxc3 28. Qxc3 Nf5) 27... Nxd5 $2 {[%emt 0:02:30] Black cannot hold the game after this.} (27... Bxc3 $16 {was necessary.} 28. Bxc3 (28. Qxc3 Nxd5 29. Qd4 Nb4 $16) 28... Nxd5) 28. Nxd5 ({Less strong is} 28. Bxd5 Bxd5 29. Qxd5 (29. Nxd5 Bxb2 30. Qxb2 Qxd5 $11) 29... Qxd5 30. Nxd5 Bxb2 $14) 28... Bxb2 29. Qxb2 {[%emt 0:00:24] White is clearly winning.} Bxd5 {[%emt 0:00:30] [#]} 30. Rd1 $1 c6 31. e4 Rxe4 32. Bxe4 {[%emt 0:00:30][%mdl 64] Pin} Qxg4 {[%emt 0:00:00] [#]} 33. Qd2 Qh4+ (33... Be6 34. Re1) 34. Kg1 Qg3+ 35. Bg2 h5 36. Qf2 Qg4 37. Rd3 h4 38. Rh3 {[%emt 0:00:44] Weighted Error Value: White=0.09 (flawless) /Black=0.40} 1-0